 Dungeon Crawl Stone Soup version 0.23.2 (webtiles) character file.

Game seed: 5033809787874293711

460 Marnok the Chopper (level 6, -5/51 HPs)
             Began as a Demigod Fighter on Apr 3, 2019.
             Slain by an ogre
             ... wielding a +0 giant club
              (27 damage)
             ... on level 5 of the Dungeon.
             The game lasted 00:09:47 (3376 turns).

Marnok the Chopper (Demigod Fighter)                Turns: 3376, Time: 00:09:51

Health: -5/51      AC:  8    Str: 23    XL:     6   Next: 49%
Magic:  8/8        EV:  8    Int: 12    God:
Gold:   52         SH: 15    Dex: 15    Spells: 5/5 levels left

rFire    + . .     SeeInvis .   a - +2 war axe
rCold    x . .     Gourm    .   c - +1 shield
rNeg     . . .     Faith    .   b - +0 scale mail
rPois    +         Spirit   .   (no helmet)
rElec    .         Reflect  .   (no cloak)
rCorr    .         Harm     .   (no gloves)
MR       .....                  o - +0 pair of boots
Stlth    ..........             s - amulet of regeneration
HPRegen  0.57/turn              g - ring of fire
MPRegen  0.11/turn              (no ring)

@: no status effects
A: large bone plates 1, high mp 1, poison resistance
a: no special abilities


You were on level 5 of the Dungeon.
You were not hungry.

You visited 1 branch of the dungeon, and saw 5 of its levels.

You collected 292 gold pieces.
You spent 240 gold pieces at shops.

Inventory:

Hand Weapons
 a - a +2 war axe (weapon)
Armour
 b - a +0 scale mail (worn)
 c - a +1 shield (worn)
 o - a +0 pair of boots (worn)
Jewellery
 g - a ring of fire (left hand)
 s - an amulet of regeneration (around neck)
Wands
 i - a wand of random effects (17)
 n - a wand of flame (19)
Scrolls
 e - 3 scrolls of blinking
 j - 4 scrolls of fear
 k - a scroll of magic mapping
 p - 2 scrolls of remove curse
 t - 3 scrolls of teleportation
 v - a scroll of identify
 w - a scroll of immolation {unknown}
Potions
 d - 2 potions of might
 h - 2 potions of flight
 l - a potion of berserk rage
 m - a potion of heal wounds
 q - 4 potions of curing
 r - a potion of haste
 u - 3 potions of brilliance
Comestibles
 f - 9 rations


   Skills:
 + Level 3.4 Fighting
 + Level 4.9 Axes
 + Level 3.7 Armour
 + Level 1.4 Dodging
 + Level 0.1 Stealth
 + Level 3.5 Shields


You had 5 spell levels left.
You didn't know any spells.
Your spell library contained the following spells:

 Spells                   Type           Power        Failure   Level  Hunger
 Magic Dart               Conj           #...         98%         1    ##.....
 Blink                    Tloc           N/A          99%         2    ###....
 Call Imp                 Summ           #.......     99%         2    ###....
 Slow                     Hex            #.......     99%         2    ###....
 Conjure Flame            Conj/Fire      #.......     100%        3    ####...
 Mephitic Cloud           Conj/Pois/Air  #.......     100%        3    ####...


Dungeon Overview and Level Annotations

Branches:
Dungeon (5/15)
 Temple: D:4-7

Shops:
D:4 !


Innate Abilities, Weirdness & Mutations

You have an increased reservoir of magic. (+10% MP)
You are partially covered in large bone plates. (SH +4)
Your system is resistant to poisons. (rPois)


Message History

The centaur is almost dead.
You hit the orc wizard.
You kill the orc wizard!
You block the centaur's attack.
An orc comes into view. It is wielding a +0 club.
You block the orc's attack. The centaur hits you with a +0 mace!
You block the ogre's attack.
You hit the ogre.
The ogre is lightly wounded.
You barely miss the centaur. You block the centaur's attack.
You block the orc's attack. The ogre hits you with a +0 giant club!
You block the centaur's attack.
You hit the ogre but do no damage.
The ogre is lightly wounded.
You hit the centaur.
You kill the centaur!
The orc hits you from afar with a +0 trident.
The ogre hits you with a +0 giant club!!
Ouch! That really hurt!
You die...

#.....### #..#
#..##...# ..
..#
###..#....###..
#....$._......
#.###....#..#
#% #...##..# #
###(.(..#
#(....#
###@##### #.Oo#
#.....Zoo...!..
##.#...oo....>#
#..#.###.....#
#..#. .###.# #.
#. .# . # ## #


You could see an ogre, 5 orcs and a leopard gecko zombie.

Vanquished Creatures
  An ogre (D:4)
  A centaur (D:5)
  2 orc wizards
  Ijyb (D:5)
  2 worker ants (D:4)
  A hound skeleton (D:4)
  4 gnolls (D:4)
  3 adders
  An adder skeleton (D:5)
  A worm (D:2)
  3 dart slugs
  3 leopard geckos
  11 orcs
  A ball python (D:1)
  5 giant cockroaches
  6 goblins
  8 hobgoblins
  2 jackals (D:5)
  4 kobolds
  3 quokkas
  7 bats
  3 frilled lizards (D:1)
  A jackal skeleton (D:5)
  A leopard gecko skeleton (D:5)
  6 rats
81 creatures vanquished.

Notes
Turn   | Place    | Note
-------+----------+-------------------------------------------
     0 | D:1      | Marnok the Demigod Fighter began the quest for the Orb.
     0 | D:1      | Reached XP level 1. HP: 18/18 MP: 3/3
   147 | D:1      | Reached skill level 2 in Axes
   147 | D:1      | Reached XP level 2. HP: 13/25 MP: 4/4
   907 | D:2      | Reached XP level 3. HP: 30/30 MP: 5/5
  1802 | D:3      | Found a blossoming altar of Fedhas.
  1823 | D:3      | Reached skill level 3 in Axes
  1857 | D:3      | Found a glowing golden altar of the Shining One.
  1859 | D:3      | Found a stormy altar of Qazlal.
  1984 | D:3      | Reached XP level 4. HP: 16/38 MP: 6/6
  2157 | D:3      | Found an iron altar of Okawaru.
  2157 | D:3      | Found a shattered altar of Ashenzari.
  2158 | D:3      | Found a snail-covered altar of Cheibriados.
  2784 | D:4      | Reached skill level 4 in Axes
  2784 | D:4      | Reached XP level 5. HP: 33/45 MP: 7/7
  2854 | D:4      | Reached skill level 1 in Dodging
  2970 | D:4      | Noticed an ogre
  2979 | D:4      | Killed an ogre
  3166 | D:4      | Reached XP level 6. HP: 51/51 MP: 8/8
  3181 | D:4      | Found Wallim's Distillery.
  3184 | D:4      | Bought a potion of curing for 36 gold pieces
  3184 | D:4      | Bought a potion of curing for 36 gold pieces
  3184 | D:4      | Bought a potion of curing for 36 gold pieces
  3184 | D:4      | Bought a potion of curing for 36 gold pieces
  3184 | D:4      | Bought a potion of mutation for 96 gold pieces
  3184 | D:4      | Gained mutation: Your system is resistant to poisons.
                  | (rPois) [potion of mutation]
  3184 | D:4      | Gained mutation: You are partially covered in large bone
                  | plates. (SH +4) [potion of mutation]
  3220 | D:5      | Entered Level 5 of the Dungeon
  3220 | D:5      | Noticed Ijyb
  3232 | D:5      | Killed Ijyb
  3350 | D:5      | Found a bloodstained altar of Trog.
  3376 | D:5      | Slain by an ogre

Skill      XL: |  1  2  3  4  5 |
---------------+----------------+-----
Axes           | 2 3 4 |  4.9
Armour         | 3 |  3.7
Shields        | 3 |  3.5
Fighting       | 3 |  3.4
Dodging        | 1 |  1.4
Stealth        | |  0.1

Action                   |  1- 3 |  4- 6 || total
-------------------------+-------+-------++-------
Melee: War axe           |   128 |   100 ||   228
  Use: Scroll            |     4 |    11 ||    15
       Potion            |     2 |     5 ||     7
  Eat: Chunk             |     4 |     4 ||     8
Armor: Scale mail        |    62 |    49 ||   111
Dodge: Dodged            |    56 |    21 ||    77
Block: Shield            |    79 |    76 ||   155
